Map: Old Estate

Players

ZenJammer

  • Race: Terran Terran
  • Spawn Location: 1:00

Ion

  • Race: Protoss Protoss
  • Spawn Location: 3:00

BlogGamerUva

  • Race: Protoss Protoss
  • Spawn Location: 1:00

EzLiberty

  • Race: Protoss Protoss
  • Spawn Location: 3:00

SKYNET - Winner!

  • Race: Protoss Protoss
  • Spawn Location: 7:00

kingkiller - Winner!

  • Race: Protoss Protoss
  • Spawn Location: 9:00

Nightmare - Winner!

  • Race: Protoss Protoss
  • Spawn Location: 7:00

XxDepravity - Winner!

  • Race: Zerg Zerg
  • Spawn Location: 7:00

VOD

Have the link to the VOD?

Description

Cannon Cheese early with protoss air win

Time

  • Played on: Sept. 22, 2018, 2:05 p.m.
  • Length: 16:56
Show
View Real Time Build Order
Export as new Build Order

ZenJammer Terran 

Build Orders:  

Get SALT Encoding   

  12  0:01  SCV  
  13  0:14  SCV  
  14  0:26  SCV  
  15  0:31  Refinery  
  15  0:41  Refinery  
  15  0:49  Supply Depot  
  15  1:10  SCV  
  16  1:15  Barracks  
  16  1:23  SCV  
  17  1:35  SCV  
  18  1:47  SCV  
  18  1:51  Supply Depot  
  19  1:59  SCV  
  20  2:11  SCV  
  21  2:18  Factory  
  21  2:23  SCV  
  21  2:24  Supply Depot  
  22  2:35  SCV  
  23  2:47  Supply Depot, SCV  
  23  2:50  Barracks Reactor  
  24  3:01  Orbital Command  
  24  3:31  Command Center  
  24  3:38  SCV  
  25  3:42  Cyclone  
  25  3:43  Cyclone  
  31  3:50  SCV  
  31  3:52  Supply Depot  
  32  4:09  Marine  
  33  4:14  Cyclone  
  36  4:18  Cyclone  
  39  4:27  Marine  
  39  4:31  Supply Depot  
  40  4:41  SCV  
  40  4:44  Marine  
  42  4:48  SCV  
  43  4:53  SCV  
  43  4:55  Cyclone x2  
  50  5:00  SCV  
  50  5:05  SCV  
  50  5:06  Marine  
  53  5:13  SCV  
  54  5:18  SCV  
  55  5:23  Marine  
  55  5:28  SCV  
  57  5:30  SCV  
  57  5:31  Refinery  
  57  5:34  Refinery  
  58  5:40  SCV  
  58  5:42  SCV  
  60  5:52  SCV  
  61  6:01  SCV  
  62  6:04  SCV  
  63  6:14  SCV  
  63  6:16  SCV  
  65  6:26  SCV  
  65  6:28  SCV  
  67  6:38  SCV  
  68  6:41  SCV  
  68  7:43  Command Center  
  63  7:58  Cyclone x2  
  66  8:06  Marine  
  66  8:09  SCV  
  68  8:17  Factory, SCV  
  69  8:21  SCV  
  69  8:24  Marine  
  71  8:29  SCV  
  71  8:30  Cyclone x2  
  78  8:43  Supply Depot, Factory  
  78  8:52  Supply Depot  
  78  8:53  Supply Depot  
  78  8:54  Supply Depot x2, Armory  
  78  8:55  Marine, SCV x2  
  81  9:04  SCV  
  81  9:07  SCV x2  
  84  9:11  Refinery  
  84  9:12  Marine  
  85  9:19  Factory Reactor, SCV x2  
  85  9:20  Cyclone  
  85  9:21  Cyclone  
  93  9:30  Factory Reactor  
  93  9:31  SCV x2  
  93  9:36  Refinery  
  95  9:43  SCV x2  
  95  9:45  SCV  
  98  9:53  Cyclone x2  
  98  9:57  SCV  
  98  9:58  Cyclone x2  
  111  10:09  SCV  
  111  10:11  SCV  
  111  10:13  SCV  
  101  10:21  SCV  
  101  10:23  SCV  
  101  10:25  SCV, Cyclone x2  
  101  10:28  Cyclone x2  
  106  10:30  Cyclone x2  
  106  10:33  SCV  
  106  10:35  SCV  
  114  10:37  SCV  
  115  10:45  SCV  
  115  10:47  SCV  
  115  10:49  SCV  
  117  10:57  SCV, Cyclone x2  
  117  10:59  SCV  
  117  11:00  Cyclone x2  
  117  11:01  SCV  
  114  11:09  SCV  
  104  11:22  SCV  
  93  11:41  Cyclone x3  
  93  11:42  Cyclone x3  
  87  12:13  Cyclone x2  
  87  12:14  Cyclone x4  
  105  12:17  SCV  
  92  12:30  SCV  
  91  12:42  SCV  
  92  12:45  Cyclone  
Show
View Real Time Build Order
Export as new Build Order

Ion Protoss 

Build Orders: Nexus First 

Get SALT Encoding   

  12  0:01  Probe  
  13  0:13  Probe  
  14  0:20  Pylon  
  14  0:22  Probe  
  15  0:35  Probe  
  16  0:47  Probe  
  17  1:02  Probe  
  17  1:03  Nexus  
  17  1:10  Probe  
  19  1:23  Gateway  
  19  1:28  Probe  
  19  1:29  Assimilator  
  20  1:34  Assimilator  
  20  1:40  Probe  
  21  1:47  Forge  
  21  1:52  Probe  
  22  2:04  Probe  
  22  2:05  Pylon  
  23  2:14  Probe  
  23  2:17  Pylon  
  23  2:22  Probe  
  24  2:27  Assimilator  
  25  2:36  Probe  
  25  2:41  Cybernetics Core  
  26  2:44  Probe  
  27  2:53  Probe  
  28  3:00  Photon Cannon  
  28  3:04  Protoss Shields Level 1  
  29  3:05  Probe  
  29  3:06  Pylon  
  29  3:17  Probe  
  30  3:26  Probe  
  30  3:29  Stargate  
  31  3:35  Protoss Air Weapons Level 1  
  31  3:43  Photon Cannon  
  31  3:54  Pylon  
  31  3:55  Probe  
  32  4:07  Probe  
  33  4:11  Assimilator  
  33  4:15  Void Ray  
  37  4:17  Probe  
  38  4:25  Probe  
  38  4:30  Stargate  
  39  4:33  Probe  
  39  4:35  Stargate  
  40  4:45  Probe  
  41  5:04  Nexus  
  41  5:11  Fleet Beacon  
  41  5:16  Pylon  
  41  5:27  Photon Cannon  
  41  5:34  Void Ray  
  45  5:42  Pylon  
  45  5:46  Pylon  
  45  5:47  Probe  
  45  5:56  Probe  
  46  6:02  Void Ray  
  51  6:05  Probe  
  51  6:09  Photon Cannon  
  52  6:14  Probe  
  52  6:18  Photon Cannon  
  53  6:22  Protoss Air Weapons Level 2, Probe  
  53  6:25  Photon Cannon  
  53  6:32  Probe  
  54  6:33  Void Ray  
  59  6:50  Photon Cannon  
  59  6:55  Assimilator  
  59  7:02  Cybernetics Core  
  59  7:12  Probe  
  59  7:13  Void Ray  
  63  7:20  Probe  
  63  7:22  Void Ray  
  69  7:34  Probe  
  70  7:45  Void Ray  
  70  7:46  Probe  
  75  7:51  Stargate  
  75  7:56  Stargate  
  75  7:58  Probe  
  76  8:10  Probe  
  77  8:13  Void Ray  
  77  8:15  Void Ray  
  77  8:18  Protoss Air Armor Level 1  
  85  8:30  Pylon, Twilight Council  
  85  8:35  Void Ray  
  89  8:47  Probe  
  90  8:56  Assimilator  
  90  8:59  Probe  
  91  9:11  Probe  
  91  9:12  Void Ray  
  72  9:32  Void Ray x3  
  72  9:37  Void Ray  
  88  9:49  Probe  
  89  9:55  Void Ray  
  93  10:02  Probe  
  94  10:07  Photon Cannon  
  94  10:10  Photon Cannon  
  94  10:14  Probe  
  95  10:15  Photon Cannon, Void Ray x2  
  95  10:18  Void Ray  
  107  10:24  Void Ray  
  107  10:26  Probe  
  112  10:33  Protoss Shields Level 2  
  112  10:34  Photon Cannon  
  112  10:38  Probe, Void Ray  
  117  10:45  Protoss Air Weapons Level 3  
  117  10:51  Protoss Air Armor Level 2  
  117  11:43  Void Ray x2  
  117  11:44  Void Ray  
  71  12:01  Void Ray x2  
  77  12:26  Void Ray x2  
  52  14:53  Void Ray  
  37  15:19  Fleet Beacon  
  37  16:38  Pylon  
  37  16:39  Pylon  
Show
View Real Time Build Order
Export as new Build Order

BlogGamerUva Protoss 

Build Orders:  

Get SALT Encoding   

  12  0:03  Probe  
  13  0:15  Probe  
  13  0:19  Pylon  
  14  0:29  Probe  
  15  0:37  Probe  
  16  0:43  Assimilator  
  16  0:46  Probe  
  17  0:53  Gateway  
  17  0:58  Probe  
  18  1:04  Assimilator  
  18  1:10  Probe  
  19  1:11  Pylon  
  19  1:30  Forge  
  19  1:34  Probe  
  20  1:43  Cybernetics Core  
  20  1:46  Probe  
  21  1:49  Zealot  
  23  1:58  Probe  
  23  1:59  Warp Gate  
  24  2:28  Pylon  
  24  2:30  Pylon  
  24  2:33  Pylon  
  24  2:44  Nexus  
  24  2:53  Gateway  
  24  3:02  Gateway  
  24  3:18  Zealot  
  26  3:41  Twilight Council  
  26  3:50  Protoss Shields Level 1  
  26  4:03  Probe  
  26  4:05  Probe  
  26  4:08  Blink  
  28  4:15  Probe  
  29  4:17  Probe  
  30  4:28  Probe  
  30  4:30  Probe  
  32  4:39  Assimilator  
  32  4:40  Probe  
  32  4:42  Probe  
  32  4:43  Assimilator  
  32  4:45  Pylon  
  34  4:48  Pylon  
  34  4:52  Pylon, Probe  
  35  4:54  Probe  
  35  4:55  Pylon  
  36  5:02  Probe  
  36  5:03  Probe  
  38  5:10  Probe  
  38  5:11  Probe  
  38  5:18  Probe  
  38  5:20  Probe  
  40  5:25  Sentry x3  
  48  5:38  Protoss Shields Level 2  
  48  5:46  Templar Archives  
  48  5:53  Probe x2  
  50  6:01  Stalker  
  50  6:02  Stalker x2  
  56  6:05  Probe x2  
  58  6:17  Pylon, Probe x2  
  58  6:18  Pylon  
  60  6:19  Pylon  
  60  6:31  Nexus  
  60  6:33  Pylon  
  60  6:36  Pylon  
  60  6:40  Pylon  
  60  6:43  Pylon, Stalker  
  60  6:44  Stalker x2  
  66  6:56  Gateway x2  
  66  7:02  Robotics Facility  
  66  7:10  Psionic Storm, Stargate  
  66  7:27  Stalker x2  
  66  7:28  Stalker  
  72  7:46  Protoss Shields Level 3  
  72  7:51  Assimilator, Warp Prism  
  72  7:55  Assimilator  
  72  7:56  Phoenix  
  76  8:24  High Templar  
  76  8:25  High Templar  
  80  8:34  Stalker  
  80  8:35  Stalker x2  
  84  9:31  Warp Prism  
  84  9:37  Stalker x3  
  84  9:38  Stalker x2  
  96  10:20  Protoss Ground Weapons Level 1  
  68  10:59  Phoenix  
  68  11:03  Stalker  
  58  11:04  Stalker x4  
  60  11:22  Phoenix  
  60  11:23  Stalker  
  60  11:24  Stalker x4  
  72  11:43  Stalker x2  
  72  11:44  Stalker x3  
  82  11:47  Phoenix  
  82  12:12  Phoenix  
  68  12:22  Stalker x5  
  107  12:37  Phoenix  
  48  12:52  Stalker  
  48  12:53  Stalker x4  
  35  13:17  Stalker x5  
  33  13:51  Zealot  
  33  13:52  Zealot x2  
Show
View Real Time Build Order
Export as new Build Order

EzLiberty Protoss 

Build Orders: Cannon Rush 

Get SALT Encoding   

  12  0:15  Probe  
  13  0:23  Probe  
  14  0:32  Pylon, Probe  
  16  0:50  Probe  
  16  1:00  Forge  
  16  1:11  Pylon  
  16  1:13  Pylon  
  16  1:44  Photon Cannon  
  16  1:46  Photon Cannon  
  16  1:48  Photon Cannon  
  15  2:09  Photon Cannon  
  15  2:14  Pylon  
  15  2:20  Photon Cannon  
  15  2:39  Pylon  
  15  3:05  Nexus  
  15  3:23  Nexus  
  14  3:37  Assimilator  
  14  3:40  Assimilator  
  14  3:50  Probe  
  15  3:58  Probe  
  15  4:08  Probe  
  17  4:20  Probe  
  18  4:32  Probe  
  18  4:35  Gateway  
  19  4:39  Probe  
  19  4:43  Probe  
  21  4:50  Probe  
  21  4:51  Probe  
  22  4:58  Probe  
  22  4:59  Probe  
  23  5:01  Probe  
  23  5:06  Probe  
  26  5:09  Probe  
  28  5:17  Probe  
  29  5:26  Cybernetics Core  
  29  5:29  Probe  
  30  5:36  Probe  
  30  5:42  Probe  
  32  5:48  Assimilator, Probe x2  
  33  5:50  Assimilator  
  33  5:56  Probe  
  34  6:00  Probe  
  36  6:05  Protoss Air Weapons Level 1, Probe  
  37  6:12  Probe  
  37  6:18  Protoss Shields Level 1, Probe  
  39  6:24  Probe  
  40  6:27  Pylon x2  
  40  6:28  Probe  
  40  6:30  Probe  
  42  6:34  Probe  
  42  6:36  Probe  
  43  6:42  Probe x2  
  46  6:50  Probe  
  46  6:51  Probe  
  47  6:58  Probe  
  48  7:03  Probe  
  48  7:04  Assimilator  
  48  7:08  Assimilator, Probe  
  51  7:17  Stargate  
  51  7:19  Stargate  
  51  7:20  Probe  
  52  7:24  Stargate  
  52  7:27  Stargate  
  52  7:32  Pylon  
  52  7:33  Pylon  
  52  7:53  Photon Cannon  
  52  7:55  Pylon, Photon Cannon  
  52  7:59  Protoss Air Armor Level 1  
  52  8:13  Void Ray x4  
  52  8:16  Fleet Beacon  
  52  8:18  Probe  
  68  8:26  Probe  
  70  8:35  Probe  
  71  8:48  Probe  
  72  8:58  Twilight Council  
  72  9:00  Carrier x2, Probe  
  85  9:12  Probe  
  86  9:28  Carrier, Nexus  
  92  9:33  Graviton Catapult  
  92  9:39  Assimilator  
  92  9:54  Protoss Shields Level 2  
  92  10:12  Pylon  
  92  10:13  Pylon  
  92  10:15  Pylon  
  92  10:22  Pylon  
  92  10:23  Pylon  
  92  10:24  Pylon  
  92  10:30  Carrier  
  98  10:49  Stargate x2  
  98  10:54  Carrier x2  
  98  10:55  Carrier  
  116  11:23  Mothership  
  115  11:42  Carrier x2  
  101  12:22  Carrier x4  
  26  15:42  Pylon x2  
  22  15:58  Pylon  
  22  15:59  Pylon  
  22  16:05  Gateway  
  22  16:25  Gateway  
Show
View Real Time Build Order
Export as new Build Order

SKYNET Protoss - Winner!

Build Orders:  

Get SALT Encoding   

  12  0:09  Probe  
  13  0:17  Probe  
  14  0:28  Probe  
  14  0:35  Pylon  
  15  0:38  Pylon  
  15  0:41  Assimilator  
  15  0:52  Probe  
  16  1:00  Probe  
  17  1:06  Gateway  
  17  1:08  Probe  
  17  1:11  Forge  
  18  1:19  Probe  
  19  1:31  Probe  
  20  1:41  Assimilator  
  20  1:43  Probe  
  20  1:45  Pylon  
  21  1:55  Cybernetics Core, Probe  
  22  2:09  Probe  
  23  3:26  Nexus  
  23  3:27  Pylon  
  23  3:29  Pylon  
  23  3:33  Probe  
  23  3:37  Assimilator  
  24  3:41  Assimilator  
  24  3:42  Probe  
  25  3:50  Stargate  
  25  3:51  Probe  
  26  4:03  Probe  
  27  4:14  Stargate  
  27  4:15  Probe  
  28  4:23  Stargate  
  28  4:27  Pylon  
  28  4:28  Probe  
  29  4:40  Probe  
  30  4:52  Probe  
  31  5:04  Probe  
  31  5:05  Probe  
  33  5:22  Fleet Beacon  
  33  5:23  Pylon  
  33  5:48  Carrier  
  33  5:49  Nexus  
  33  5:53  Assimilator  
  33  5:58  Assimilator  
  33  6:00  Probe x2  
  33  6:02  Protoss Air Armor Level 1  
  35  6:09  Graviton Catapult  
  41  6:12  Probe  
  42  6:30  Photon Cannon x2  
  42  6:31  Pylon, Photon Cannon  
  42  6:32  Photon Cannon  
  42  6:39  Pylon  
  42  6:42  Pylon  
  42  6:54  Carrier  
  38  7:33  Carrier  
  44  7:52  Nexus  
  44  8:04  Carrier  
  50  8:44  Carrier  
  44  9:44  Probe  
  44  9:52  Probe  
  46  10:01  Probe  
  46  10:03  Probe  
  46  10:04  Probe  
  49  10:12  Carrier  
  49  10:13  Probe  
  50  10:14  Protoss Shields Level 1  
  50  10:16  Probe x2  
  52  10:26  Probe  
  59  10:29  Carrier  
  65  10:54  Protoss Air Armor Level 2  
  65  11:03  Pylon  
  65  11:06  Mothership  
  65  11:08  Pylon  
  65  11:14  Pylon  
  73  11:48  Carrier  
  79  11:55  Robotics Facility  
  79  12:00  Twilight Council  
  79  12:04  Pylon  
  79  12:28  Carrier  
  79  12:29  Carrier  
  91  12:44  Observer  
  92  13:02  Observer  
  93  13:19  Carrier  
  91  14:13  Protoss Air Weapons Level 1  
  91  14:25  Protoss Shields Level 2  
  49  15:00  Carrier  
  49  15:01  Carrier  
  49  15:02  Carrier  
Show
View Real Time Build Order
Export as new Build Order

kingkiller Protoss - Winner!

Build Orders:  

Get SALT Encoding   

  12  0:26  Probe  
  13  0:34  Pylon, Probe  
  14  0:42  Probe  
  15  0:52  Probe  
  16  1:37  Forge  
  15  3:02  Pylon  
  15  3:10  Gateway  
  15  3:19  Assimilator  
  15  3:26  Assimilator  
  15  3:28  Photon Cannon  
  15  3:32  Photon Cannon  
  15  3:38  Photon Cannon  
  15  3:44  Photon Cannon  
  15  3:47  Photon Cannon  
  15  3:48  Probe  
  16  3:56  Probe  
  17  4:12  Probe  
  18  4:20  Probe  
  19  4:55  Probe  
  19  4:59  Nexus  
  20  5:03  Cybernetics Core  
  20  5:06  Pylon  
  21  5:07  Probe  
  21  5:17  Probe  
  22  5:26  Probe  
  22  5:34  Probe  
  23  5:41  Robotics Facility  
  24  5:55  Assimilator  
  24  6:00  Assimilator  
  24  6:29  Warp Prism  
  26  6:34  Probe  
  26  6:42  Probe  
  27  6:52  Probe  
  27  6:59  Probe  
  29  7:04  Probe  
  30  7:11  Probe  
  31  7:23  Probe  
  32  7:35  Nexus  
  32  7:36  Probe  
  19  7:48  Probe  
  20  7:59  Nexus  
  20  8:05  Pylon  
  20  8:40  Assimilator  
  20  8:44  Assimilator  
  14  9:18  Stargate  
  14  9:22  Stargate  
  14  9:25  Stargate  
  14  9:28  Probe  
  15  9:36  Probe  
  15  9:45  Probe  
  7  10:53  Probe  
  8  11:05  Probe  
  9  11:18  Probe  
  10  11:30  Probe  
  11  11:57  Probe  
  12  12:05  Probe  
  12  12:14  Probe  
  14  12:27  Probe  
  15  13:15  Pylon  
  15  13:24  Pylon  
  15  13:27  Nexus  
  15  13:42  Void Ray x2  
  23  13:52  Probe  
  24  14:04  Probe  
  25  14:24  Void Ray  
  29  14:44  Void Ray  
  33  15:11  Void Ray  
  37  15:27  Void Ray  
Show
View Real Time Build Order
Export as new Build Order

Nightmare Protoss - Winner!

Build Orders:  

Get SALT Encoding   

  12  0:02  Probe  
  13  0:15  Probe  
  14  0:23  Probe  
  15  0:29  Pylon  
  15  0:35  Assimilator  
  15  0:47  Probe  
  16  0:59  Probe  
  16  1:04  Gateway  
  17  1:05  Assimilator  
  17  1:10  Probe  
  17  1:18  Probe  
  19  1:26  Probe  
  20  1:35  Forge  
  20  1:38  Probe  
  21  1:50  Probe  
  22  2:04  Nexus  
  22  2:10  Assimilator  
  22  2:17  Probe  
  23  2:23  Pylon  
  23  2:31  Pylon  
  23  2:49  Zealot  
  23  2:50  Cybernetics Core  
  25  2:59  Assimilator  
  25  3:17  Nexus  
  25  3:22  Probe  
  26  3:30  Probe  
  26  3:39  Stargate  
  26  3:40  Probe  
  28  3:52  Probe  
  29  3:57  Stargate  
  29  3:59  Stargate  
  29  4:11  Protoss Air Weapons Level 1  
  29  4:12  Probe  
  29  4:13  Protoss Shields Level 1  
  30  4:20  Probe  
  30  4:25  Probe  
  30  4:28  Probe  
  32  4:31  Probe  
  32  4:33  Probe  
  32  4:36  Probe  
  35  4:39  Probe  
  35  4:43  Probe  
  38  4:46  Probe  
  38  4:49  Probe  
  40  4:55  Probe  
  40  4:58  Probe  
  42  5:01  Probe  
  42  5:02  Void Ray  
  42  5:04  Probe  
  47  5:12  Probe, Void Ray  
  52  5:17  Probe  
  54  5:25  Probe, Void Ray  
  58  5:32  Stargate  
  59  5:52  Fleet Beacon  
  59  5:53  Void Ray  
  63  6:01  Assimilator  
  63  6:03  Probe  
  63  6:04  Probe  
  63  6:06  Assimilator  
  65  6:11  Probe  
  65  6:16  Probe  
  67  6:21  Probe  
  67  6:24  Pylon  
  68  6:27  Pylon  
  68  6:28  Probe  
  68  6:30  Pylon  
  69  6:38  Probe  
  69  6:42  Probe, Void Ray  
  69  6:45  Void Ray x2  
  83  6:48  Probe  
  83  6:54  Void Ray  
  88  7:00  Probe  
  89  7:12  Probe  
  90  7:28  Pylon  
  90  7:31  Pylon  
  90  7:39  Void Ray  
  90  7:40  Void Ray x3  
  106  7:54  Pylon  
  106  7:55  Pylon  
  106  7:57  Pylon, Probe  
  107  8:00  Pylon  
  107  8:01  Pylon  
  107  8:09  Probe  
  107  8:12  Void Ray  
  108  8:13  Protoss Air Weapons Level 2  
  108  8:14  Void Ray  
  108  8:18  Void Ray  
  108  8:26  Void Ray  
  124  8:35  Pylon  
  124  8:37  Pylon  
  124  8:39  Pylon  
  124  8:52  Void Ray  
  124  8:54  Carrier  
  134  9:04  Tempest  
  140  9:16  Void Ray  
  144  9:48  Void Ray x2  
  152  9:59  Void Ray  
  156  10:20  Void Ray  
  160  10:31  Nexus, Void Ray x2  
  168  10:37  Nexus  
  168  10:42  Void Ray  
  172  11:42  Void Ray  
  172  11:43  Void Ray x3  
  142  12:25  Void Ray x4  
  142  13:08  Void Ray x4  
  158  13:51  Void Ray x4  
  174  14:34  Void Ray x4  
  190  15:16  Void Ray  
  190  15:17  Void Ray  
Show
View Real Time Build Order
Export as new Build Order

XxDepravity Zerg - Winner!

Build Orders: Pool First 

Get SALT Encoding   

  12  0:06  Drone  
  13  0:08  Drone  
  14  0:21  Extractor  
  14  0:23  Drone  
  14  0:26  Extractor  
  14  0:27  Drone  
  14  0:31  Overlord  
  15  1:13  Spawning Pool, Drone  
  15  1:16  Hatchery  
  14  1:30  Drone x3  
  17  1:55  Hatchery  
  16  2:12  Drone x3  
  19  2:23  Queen  
  21  2:33  Drone x2  
  23  2:48  Extractor  
  22  2:51  Drone  
  22  2:52  Drone x3  
  26  3:13  Lair  
  26  3:30  Drone x4  
  26  3:31  Overlord, Drone x3  
  26  3:32  Overlord  
  33  3:40  Spore Crawler  
  32  3:48  Overlord  
  32  4:09  Evolution Chamber  
  31  4:11  Evolution Chamber  
  31  4:16  Evolution Chamber  
  29  4:28  Spine Crawler  
  28  4:31  Drone  
  28  4:32  Drone x2  
  28  4:33  Queen  
  33  4:43  Extractor  
  32  4:46  Extractor, Drone x3  
  32  4:47  Queen  
  36  5:02  Hydralisk Den  
  36  5:06  Infestation Pit  
  34  5:12  Spire  
  34  5:13  Spire  
  32  5:15  Drone x3  
  35  5:27  Burrow  
  35  5:29  Drone x5  
  35  5:31  Drone  
  41  5:59  Queen  
  41  6:02  Drone x2  
  41  6:03  Drone x3  
  48  6:08  Muscular Augments  
  48  6:22  Hydralisk  
  48  6:23  Hydralisk x3  
  56  6:43  Metabolic Boost  
  56  6:45  Overlord x4  
  56  6:49  Zergling x4  
  58  7:24  Hive  
  58  7:37  Hydralisk  
  58  7:38  Hydralisk x5  
  58  7:40  Spore Crawler, Overlord x3  
  58  7:41  Overlord x3  
  58  7:42  Overlord x4  
  58  7:43  Spore Crawler  
  68  8:21  Extractor  
  68  8:22  Grooved Spines, Neural Parasite, Hatchery  
  68  8:25  Extractor  
  65  8:42  Zerg Ground Armor Level 1, Zerg Missile Weapons Level 1, Zerg Melee Weapons Level 1  
  65  8:48  Zergling x4  
  65  8:49  Zergling x4  
  65  8:50  Hydralisk x3  
  75  9:37  Hydralisk x6  
  75  9:38  Hydralisk  
  89  9:45  Pneumatized Carapace  
  89  9:50  Zerg Flyer Armor Level 1  
  89  9:54  Zerg Flyer Weapons Level 1  
  89  9:57  Overlord x2  
  89  10:03  Hydralisk x2  
  87  10:51  Hydralisk  
  87  10:52  Hydralisk x6  
  87  10:53  Hydralisk x4  
  109  11:59  Hydralisk x4  
  109  12:00  Hydralisk x2  
  121  12:03  Zerg Missile Weapons Level 2, Zerg Ground Armor Level 2  
  121  12:06  Zerg Melee Weapons Level 2  
  121  12:08  Drone x4  
  125  12:33  Drone x2  
  125  12:34  Drone x5  
  125  12:35  Drone  
  95  13:15  Hydralisk x3  
  95  13:16  Hydralisk x7  
  95  13:17  Hydralisk x5  
  91  13:35  Hydralisk x2  
  91  13:36  Hydralisk x2  
  99  13:59  Hydralisk x6  
  99  14:00  Hydralisk  
  113  14:04  Hydralisk x22  
  113  14:15  Hatchery  
  112  14:21  Extractor  
  111  14:26  Extractor  
  108  15:22  Hydralisk  
  108  15:23  Hydralisk x6  
  108  15:24  Hydralisk x7  
  108  15:25  Hydralisk x5  
  146  15:29  Overlord  
Tags
 
Add a new tag
Caveats
  • Supply blocks, unpowered buildings, or Contaminate may cause inaccurate times.
  • Supply counts are checked every 10 seconds.